 Dungeon Crawl Stone Soup version 0.30-a0-385-gfebfb9b408 (webtiles) character file.

Game seed: 15977411999731558920

1170 holysushi the Slicer (level 8, -4/54 HPs)
             Began as an Octopode Monk on Dec 2, 2022.
             Was an Initiate of Gozag.
             Slain by an ogre
             ... wielding a +0 giant spiked club
              (19 damage)
             ... on level 6 of the Dungeon.
             The game lasted 00:08:43 (6084 turns).

holysushi the Slicer (Octopode Monk)                Turns: 6084, Time: 00:08:44

Health: -4/54      AC:  1    Str: 11    XL:     8   Next: 40%
Magic:  8/8        EV: 15    Int: 12    God:    Gozag
Gold:   379        SH:  0    Dex: 16    Spells: 7/7 levels left

rFire   . . .      SeeInvis +    m - +1 dagger (venom)
rCold   . . .      Faith    .    (no shield)
rNeg    . . .      Spirit   .    (helmet restricted)
rPois   .          Reflect  .    (no amulet)
rElec   .          Harm     .    l - ring of willpower
rCorr   .          Rampage  .    r - ring of see invisible
Will    +....                    (no ring)
Stlth   +++.......               (no ring)
HPRegen 0.29/turn                (no ring)
MPRegen 0.11/turn                (no ring)
                                 (no ring)
                                 (no ring)

@: about to teleport
A: almost no armour, amphibious, 8 rings, camouflage 1, gelatinous body 1,
(nimble swimmer 1), tentacles
a: Renounce Religion, Potion Petition, Call Merchant, Bribe Branch


You were on level 6 of the Dungeon.
You worshipped Gozag.
Gozag was aware of your devotion.
You visited 2 branches of the dungeon, and saw 7 of its levels.
You also visited: Sewer.

You collected 379 gold pieces.

Inventory:

Hand Weapons
 a - a +0 short sword
 m - a +1 dagger of venom (weapon)
Jewellery
 l - a ring of willpower (left tentacle)
 r - a ring of see invisible (right tentacle)
Wands
 e - a wand of roots (5)
 p - a wand of polymorph (6)
Scrolls
 c - 7 scrolls of identify
 f - 3 scrolls of teleportation
 j - 2 scrolls of noise
 k - 4 scrolls of fog
 n - a scroll of enchant armour
 q - a scroll of vulnerability
 t - 2 scrolls of summoning
 u - a scroll of fear
Potions
 b - a potion of ambrosia
 d - 2 potions of brilliance
 g - 4 potions of haste
 h - a potion of heal wounds
 i - 2 potions of curing
 o - a potion of resistance
 s - a potion of might


   Skills:
 - Level 4.0 Fighting
 + Level 9.0 Short Blades
 + Level 4.6 Dodging
 - Level 2.6 Stealth
 - Level 2.0 Evocations


You had 7 spell levels left.
You didn't know any spells.
Your spell library contained the following spells:

 Spells                   Type           Power      Damage    Failure   Level
 Magic Dart               Conj           0%         1d3       32%         1
 Slow                     Hex            0%         N/A       32%         1
 Call Imp                 Summ           0%         N/A       45%         2
 Sublimation of Blood     Necr           0%         N/A       45%         2
 Wereblood                Tmut           0%         N/A       45%         2
 Call Canine Familiar     Summ           0%         N/A       69%         3
 Confusing Touch          Hex            0%         N/A       69%         3
 Dazzling Flash           Conj/Hex       0%         N/A       69%         3
 Mephitic Cloud           Conj/Pois/Air  0%         N/A       69%         3
 Portal Projectile        Hex/Tloc       0%         N/A       69%         3
 Summon Guardian Golem    Hex/Summ       0%         N/A       69%         3
 Vampiric Draining        Necr           0%         2d6       69%         3
 Leda's Liquefaction      Hex/Erth       0%         N/A       97%         4
 Agony                    Necr           0%         N/A       100%        5
 Silence                  Hex/Air        0%         N/A       100%        5
 Orb of Destruction       Conj           0%         9d5       100%        7
 Spellforged Servitor     Conj/Summ      0%         N/A       100%        7
 Summon Hydra             Summ           0%         N/A       100%        7


Dungeon Overview and Level Annotations

Branches:
Dungeon (6/15) Zot: 26946  Temple (1/1) D:4 Zot: 5893   Sewer (visited)

Altars:
Ashenzari
Fedhas
Gozag
Kikubaaqudgha
Makhleb
Okawaru
Qazlal
Ru
Sif Muna
Trog
Uskayaw
Xom
Yredelemnul
The Shining One

Shops:
D:1 (


Innate Abilities, Weirdness & Mutations

You cannot wear most types of armour.
You are amphibious.
You can wear up to eight rings at the same time.
Your skin changes colour to match your surroundings (Stealth+).
Your rubbery body absorbs attacks. (AC +1, EV +1)
((You are camouflaged when in or above water. (Stealth+)))
You have tentacles for arms and can constrict up to eight enemies at once.


Message History

An ogre comes into view. It is wielding a +0 giant spiked club.
Found 11 gold pieces.
The orc shouts!
The orc hits you with a +0 flail.
The ogre shouts!
You hit the orc. You grab the orc. You squeeze the orc, but do no damage.
The orc is heavily wounded.
You constrict the orc, but do no damage.
The orc hits you with a +0 flail.
You hit the orc but do no damage.
The orc is poisoned.
The orc is heavily wounded.
You constrict the orc, but do no damage.
You hit the orc but do no damage.
The orc looks as sick as possible!
The orc is heavily wounded.
You constrict the orc. The orc hits you but does no damage.
You hit the orc but do no damage.
The orc looks as sick as possible!
The orc is severely wounded.
You constrict the orc, but do no damage.
You hit the orc but do no damage.
The orc looks as sick as possible!
You squeeze the orc, but do no damage.
The orc is severely wounded.
You constrict the orc.
You kill the orc!
The ogre misses you.
You barely miss the ogre. You hit the ogre.
The ogre is poisoned.
Your squeeze misses the ogre.
The ogre is lightly wounded.
You barely miss the ogre.
The ogre is lightly wounded.
The ogre hits you with a +0 giant spiked club!!
You open the door.
The ogre hits you with a +0 giant spiked club!
* * * LOW HITPOINT WARNING * * *
There is an open door here.
As you read the scroll of teleportation, it crumbles to dust.
You feel strangely unstable. The ogre attacks as you move away!
The ogre hits you with a +0 giant spiked club!!
You die...
Your body crumbles into a pile of gold.

#≈.≈ . #≈≈.≈ ..
#≈≈.♣ ... #≈≈.♣
.... ##≈≈.♣ ♣♣
..... ##≈≈.♣ ≈.≈
......####≈≈$♣
≈...
#..@#≈≈.♣♣≈..).
###.O.......$..
###≈≈.♣♣≈..$. ♣.
.# ##≈≈.♣♣≈...
♣.≈ ..#
##≈≈.♣♣≈.≈ ♣.≈≈
...##
.##≈≈.♣♣♣♣♣.≈≈#
#....#
##.###≈≈.♣♣♣.≈≈#
#....####..#
##≈≈.♣.≈≈#
#.....##.##
##≈≈.≈≈#


You could see an ogre (very poisoned).

Vanquished Creatures
  An ice beast (D:5)
  7 kobold brigands
  2 scorpions (D:5)
  A necrophage (D:5)
  An electric eel (D:6)
  A jelly (D:5)
  An orc priest (D:4)
  2 hounds (D:5)
  2 orc wizards (D:4)
  Robin (D:3)
  6 adders
  A river rat (Sewer)
  A white imp (D:3)
  An ufetubus (D:4)
  5 worms
  4 dart slugs
  7 orcs
  9 endoplasms
  4 giant cockroaches
  13 goblins
  9 hobgoblins
  7 jackals (D:3)
  2 quokkas
  12 ball pythons
  4 bats
  2 frilled lizards
  17 kobolds
  10 rats
133 creatures vanquished.

Notes
Turn   | Place    | Note
-------+----------+-------------------------------------------
     0 | D:1      | holysushi the Octopode Monk began the quest for the Orb.
     0 | D:1      | Reached XP level 1. HP: 16/16 MP: 1/1
    82 | D:1      | Reached XP level 2. HP: 16/21 MP: 2/2
   404 | D:1      | Found Asommim's Weapon Boutique.
   462 | D:1      | Reached skill level 4 in Short Blades
   639 | D:1      | Reached XP level 3. HP: 26/26 MP: 3/3
  1285 | D:2      | You fall into a shaft and drop 2 floors!
  1294 | D:3      | Found a glowing drain.
  1383 | D:3      | Reached skill level 1 in Evocations
  1406 | Sewer    | Entered a sewer
  1435 | Sewer    | Noticed a kobold brigand
  1517 | Sewer    | Noticed a kobold brigand
  1533 | Sewer    | Killed a kobold brigand
  1534 | Sewer    | Reached skill level 5 in Short Blades
  1534 | Sewer    | Reached XP level 4. HP: 16/31 MP: 4/4
  1534 | Sewer    | Reached XP level 5. HP: 19/36 MP: 5/5
  1633 | Sewer    | Killed a kobold brigand
  1634 | Sewer    | Reached skill level 6 in Short Blades
  1864 | Sewer    | Noticed a kobold brigand
  1884 | Sewer    | Killed a kobold brigand
  1885 | Sewer    | Reached XP level 6. HP: 35/42 MP: 6/6
  2027 | Sewer    | Reached skill level 7 in Short Blades
  2149 | Sewer    | Reached XP level 7. HP: 37/46 MP: 7/7
  2500 | D:3      | Reached skill level 8 in Short Blades
  2604 | D:3      | Noticed Robin
  2635 | D:3      | Killed Robin
  4593 | D:4      | Found a staircase to the Ecumenical Temple.
  4712 | Temple   | Entered the Ecumenical Temple
  4801 | Temple   | Became a worshipper of Gozag Ym Sagoz the Greedy
  4833 | D:5      | Entered Level 5 of the Dungeon
  4994 | D:5      | Reached XP level 8. HP: 37/54 MP: 8/8
  6059 | D:6      | Reached skill level 9 in Short Blades
  6084 | D:6      | Slain by an ogre

Illustrated notes

Levels and vault maps discovered:
D:1:      scummos_arrival_hexagon, layout_basic, serial_shops,
          nicolae_square_shop
D:2:      layout_basic
D:3:      layout_loops_ring, cheibrodos_sewer_entry_drain,
          minmay_misc_feat_square, minivault_11, uniq_robin
D:4:      cheibrodos_thug_alley, layout_basic, minmay_temple_entry_arrows,
          minmay_misc_feat_nine_boxes
D:5:      layout_loops_ring, serial_co_window_serial, co_window_paths_b,
          co_window_paths_a, co_window_paths_b, co_window_paths_b,
          co_window_paths_b, co_window_of_opportunity_a,
          co_window_unsneaky_path_c, co_window_corner_cb, co_window_broadway_a,
          co_window_2corner, co_window_paths_c, co_window_corner_b,
          co_window_4corner_a, glass_columns_c
D:6:      layout_cave_pods, minitemple, nemelex_xobeh_ov_fountains_minmay,
          kennysheep_diamond, corexii_corridor_pit, uniq_edmund
Temple:   zaba_magenta_temple

Skill      XL: |  1  2  3  4  5  6  7  8 |
---------------+-------------------------+-----
Short Blades   | 4 5 6 7 8 9 |  9.0
Evocations     | 1 2 |  2.0
Dodging        | 4 |  4.6
Fighting       | 4 |  4.0
Stealth        | |  2.6

Action                   |  1- 3 |  4- 6 |  7- 9 || total
-------------------------+-------+-------+-------++-------
Melee: Short sword       |    73 |    29 |       ||   102
       Constrict         |    21 |    11 |    43 ||    75
       Tentacles         |    20 |    14 |    42 ||    76
       Punch             |     1 |     1 |     3 ||     5
       Dagger            |       |    27 |   192 ||   219
  Use: Scroll            |     3 |       |    13 ||    16
       Potion            |       |       |     2 ||     2
 Stab: Sleeping          |    13 |     6 |    19 ||    38
       Distracted        |       |     1 |     2 ||     3
Armor: Skin              |     6 |     2 |     4 ||    12
Dodge: Dodged            |    33 |    19 |    59 ||   111

Table legend: (Time is in decaauts)
 A = Elapsed time spent in this place.
 B = Non-inter-level travel time spent in this place.
 C = Inter-level travel time spent in this place.
 D = Time resting spent in this place.
 E = Time spent auto-exploring this place.
 F = Levels seen in this place.
 G = Mean time per level.
                   A        B        C        D        E       F      G
               +--------+--------+--------+--------+--------+-----+--------+
         Total |   5954 |   5810 |    144 |    775 |   3789 |   8 |  744.2 |
       Dungeon |   4860 |   4768 |     92 |    640 |   3253 |   6 |  810.0 |
        Temple |    106 |     55 |     51 |      0 |     50 |   1 |  106.0 |
         Sewer |    987 |    987 |      0 |    135 |    486 |   1 |  987.0 |
               +--------+--------+--------+--------+--------+-----+--------+

Top non-repeatable levels by time:
     D:5: 1170 daAuts
   Sewer: 987 daAuts
     D:4: 986 daAuts
     D:3: 969 daAuts
     D:1: 933 daAuts
     D:2: 747 daAuts
  Temple: 106 daAuts
     D:6: 53 daAuts
